 Dungeon Crawl Stone Soup version 0.31-a0-700-gf13585253f (webtiles) character file.

Game seed: 31373267950461592

2235 Dirtsage the Grappler (level 9, -5/82 (88) HPs)
             Began as a Troll Shapeshifter on Sept 7, 2023.
             Was a Priest of Ru.
             Slain by a wight
             ... wielding a +2 halberd of freezing
              (14 damage)
             ... on level 7 of the Dungeon.
             The game lasted 00:12:02 (4775 turns).

Dirtsage the Grappler (Troll Shapeshifter)          Turns: 4775, Time: 00:12:02

HP:   -5/82 (88)    AC:  4    Str: 30    XL:     9   Next: 14%
MP:   8/8           EV:  9    Int:  8    God:    Ru [***...]
Gold: 256           SH:  0    Dex:  9    Spells: 8/8 levels left

rFire   . .          .
                       - Unarmed
rCold   . . .        (no shield)
rNeg    . . .        a - +0 animal skin
rPois   .            (helmet currently unavailable)
rElec   .            (cloak currently unavailable)
rCorr   .            (gloves unavailable)
SInv    .            (boots unavailable)
Will    .....        (no amulet)
Stlth   +            f - +6 ring of strength
HPRegen 1.13/turn    o - ring of flight
MPRegen 0.11/turn

%: no passive effects
@: beast-form, flying, drained
A: beast (slay +3), large, unfitting armour, claws 3, regeneration 1, shaggy fur
1, tough skin 1, weak 1, hated by all, no air magic, no necromancy magic, no
transmutations magic
a: Begin Untransformation, Renounce Religion, Draw Out Power


You were on level 7 of the Dungeon.
You worshipped Ru.
Ru was most pleased with you.
You were a hulking beast.
You visited 2 branches of the dungeon, and saw 8 of its levels.
You also visited: Ossuary.

You collected 256 gold pieces.

Inventory:

Armour
 a - a +0 animal skin (worn)
 E - a +0 cloak
Jewellery
 f - a +6 ring of strength (left claw)
 o - a ring of flight (right claw)
Talismans
 c - a beast talisman (active)
 d - a flux talisman
 q - a blade talisman
Wands
 i - a wand of flame (16)
 r - a wand of roots (10)
 D - a wand of digging (7)
 H - a wand of light (7)
Scrolls
 b - a scroll of fog {unknown}
 g - a scroll of fear
 m - a scroll of enchant armour
 t - 2 scrolls of teleportation {unknown}
 w - a scroll of blinking {unknown}
 x - 2 scrolls of acquirement {unknown}
 y - a scroll of torment
 C - 2 scrolls of vulnerability
 F - a scroll of immolation {unknown}
Potions
 e - a potion of might {unknown}
 h - 2 potions of degeneration {unknown}
 j - a potion of haste {unknown}
 k - 5 potions of mutation {unknown}
 l - a potion of ambrosia {unknown}
 n - 7 potions of heal wounds {unknown}
 p - 4 potions of curing {unknown}
 s - a potion of berserk rage {unknown}
 u - 3 potions of invisibility {unknown}
 v - a potion of attraction {unknown}
 z - a potion of enlightenment {unknown}
 A - 3 potions of lignification
 B - 2 potions of resistance {unknown}
 G - a potion of cancellation {unknown}


   Skills:
 + Level 5.0 Fighting
 - Level 1.5 Dodging
 * Level 9.2 Unarmed Combat
 + Level 6.3 Shapeshifting


You had 8 spell levels left.
You didn't know any spells.
Your spell library contained the following spells:

 Spells                   Type           Power      Damage    Failure   Level
 Metabolic Englaciation   Hex/Ice        0%         N/A       100%        5
 Petrify                  Tmut/Erth      Unusable   N/A       N/A         4
 Alistair's Intoxication  Tmut/Pois      Unusable   N/A       N/A         5

Dungeon Overview and Level Annotations

Branches:
Dungeon (7/15)             Temple (1/1) D:6         Ossuary (visited)

Altars:
Cheibriados
Dithmenos
Elyvilon
Gozag
Kikubaaqudgha
Okawaru
Qazlal
Ru
Sif Muna
Trog
Uskayaw
Wu Jian
Xom
Zin
The Shining One

Shops:
D:1 (   D:4 (


Innate Abilities, Weirdness & Mutations

You are a hulking beast.
Your limbs bulge with bestial killing power. (Slay +3)
You are too large for most types of armour.
You have claws for hands.
Your natural rate of healing is unusually fast.
You are covered in fur. (AC +1)
You have tough skin. (AC +1)
You are weak. (Str -2)
You are hated by all.
You cannot study or cast Air magic.
You cannot study or cast Necromancy magic.
You cannot study or cast Transmutations magic.


Message History

A wight comes into view. It is wielding a +4 dire flail.
The killer bee barely misses you.
You scratch the killer bee.
You kill the killer bee!
A wight comes into view. It is wielding a +4 scimitar.
A wight comes into view.
It is wielding a +2 halberd of freezing.
You barely miss the wight. You claw the wight!
The wight is heavily damaged.
The wight barely misses you.
You closely miss the wight.
The wight is heavily damaged.
You closely miss the wight.
The wight is heavily damaged.
The wight hits you with a +4 dire flail!
The wight hits you from afar with a +2 halberd of freezing.
The wight freezes you.
You take 17 damage, and have 71/88 hp.
You scratch the wight.
The wight is heavily damaged.
The wight hits you with a +4 dire flail!
You feel drained.
The wight hits you from afar with a +2 halberd of freezing!
The wight freezes you.
You take 25 damage, and have 46/86 hp.
MASSIVE DAMAGE!!
You scratch the wight.
The wight is heavily damaged.
The wight hits you with a +4 dire flail!
You feel drained.
The wight hits you from afar with a +2 halberd of freezing!
* * * LOW HITPOINT WARNING * * *
You feel drained.
* * * LOW HITPOINT WARNING * * *
The wight freezes you.
* * * LOW HITPOINT WARNING * * *
You take 38 damage, and have 8/82 hp.
MASSIVE DAMAGE!!
You scratch the wight but do no damage.
The wight is heavily damaged.
The wight closely misses you.
The wight hits you from afar with a +2 halberd of freezing!
You die...

#.# .. .## .# ##. #...z .. ...
#.# #..# #.#. ..# #.# #.#
#y#.###.. #.# #.# #.##.# ..##z#
#.# #.# #.#.###.#.#.# #.#
##.#######. #..# #..##..# #.#
##..........
##.#.##.##.#.####.###...<.......
...##........zzzh.......#######.
..†.)....###.####.###.#.#
.######...........###.#.## .#
######.###...##....# .#
#...).........# .#
########..).)....#...#
.####........§##)###.#####
.......§≈.§≈§..#)# #.#
.##.[≈..≈.§§§≈...# #.#


You could see 3 wights.

Vanquished Creatures
  An unseen horror (D:6)
  Edmund (D:6)
  A sky beast (D:6)
  2 ice beasts (D:5)
  2 ogres
  2 phantoms (D:5)
  2 scorpions
  A water moccasin zombie (Ossuary)
  2 wights
  3 killer bees (D:7)
  4 centaur zombies (Ossuary)
  4 bullfrog zombies (Ossuary)
  A hound (D:6)
  A human zombie (Ossuary)
  A sleepcap (D:5)
  4 orc priests
  3 iguanas (D:4)
  3 orc wizards
  An ogre zombie (Ossuary)
  5 adders
  4 shadow imps (D:4)
  2 white imps
  2 ufetubi
  5 adder zombies (Ossuary)
  2 worms
  3 dart slugs
  25 orcs
  8 ball pythons
  5 endoplasms
  6 giant cockroaches
  3 goblins
  7 hobgoblins
  3 jackals (D:1)
  10 quokkas
  2 bats
  2 gnoll zombies (Ossuary)
  2 goblin zombies (Ossuary)
  2 hobgoblin zombies (Ossuary)
  A kobold (D:1)
  2 orc zombies (Ossuary)
  2 rats (D:2)
142 creatures vanquished.

Notes
Turn   | Place    | Note
-------+----------+-------------------------------------------
     0 | D:1      | Dirtsage the Troll Shapeshifter began the quest for the
                  | Orb.
     0 | D:1      | Reached XP level 1. HP: 18/18 MP: 0/0
    58 | D:1      | Found a faded altar of an unknown god.
    66 | D:1      | Prayed at the altar of an unknown god.
    66 | D:1      | Became a worshipper of Ru the Awakened
    80 | D:1      | Gained mutation: You are hated by all. [Ru sacrifice]
    80 | D:1      | Reached * piety under Ru
    80 | D:1      | Reached ** piety under Ru
   133 | D:1      | Reached skill level 1 in Fighting
   243 | D:1      | Reached XP level 2. HP: 27/27 MP: 1/1
   467 | D:1      | Found Hourofuax's Antique Weapon Shop.
  1079 | D:2      | Reached XP level 3. HP: 33/33 MP: 2/2
  1812 | D:3      | Got Ijan's Papyrus of Shifting Anathema
  1863 | D:3      | Reached skill level 4 in Unarmed Combat
  1964 | D:3      | Reached XP level 4. HP: 42/42 MP: 3/3
  2116 | D:3      | Gained mutation: You cannot study or cast Air magic. [Ru
                  | sacrifice]
  2116 | D:3      | Gained mutation: You cannot study or cast Transmutations
                  | magic. [Ru sacrifice]
  2116 | D:3      | Gained mutation: You cannot study or cast Necromancy magic.
                  | [Ru sacrifice]
  2116 | D:3      | Reached *** piety under Ru
  2230 | D:4      | Reached XP level 5. HP: 40/49 MP: 4/4
  2277 | D:4      | Found Newkab's Weapon Shoppe.
  2435 | D:4      | Reached skill level 5 in Unarmed Combat
  2484 | D:4      | Found a sand-covered staircase.
  2490 | Ossuary  | Entered an ossuary
  2536 | Ossuary  | Reached XP level 6. HP: 59/59 MP: 5/5
  2648 | Ossuary  | Reached skill level 6 in Unarmed Combat
  2648 | Ossuary  | Reached XP level 7. HP: 24/67 MP: 6/6
  2714 | Ossuary  | Noticed a silent spectre
  3162 | D:5      | Entered Level 5 of the Dungeon
  3276 | D:5      | Reached skill level 7 in Unarmed Combat
  3276 | D:5      | Reached skill level 5 in Shapeshifting
  3533 | D:5      | Reached XP level 8. HP: 78/78 MP: 7/7
  4063 | D:6      | Reached skill level 8 in Unarmed Combat
  4107 | D:6      | Found an ancient bone altar of Kikubaaqudgha.
  4161 | D:6      | Noticed Edmund
  4182 | D:6      | Killed Edmund
  4313 | D:6      | Found a staircase to the Ecumenical Temple.
  4314 | D:6      | Gained mutation: You are weak. (Str -2) [Ru sacrifice]
  4315 | D:6      | Noticed an unseen horror
  4320 | D:6      | Killed an unseen horror
  4345 | Temple   | Entered the Ecumenical Temple
  4641 | D:7      | Found a white marble altar of Elyvilon.
  4647 | D:7      | Reached XP level 9. HP: 69/87 MP: 8/8
  4692 | D:7      | Reached skill level 9 in Unarmed Combat
  4708 | D:7      | Reached skill level 5 in Fighting
  4775 | D:7      | Slain by a wight

Illustrated notes

Levels and vault maps discovered:
D:1:      dpeg_arrival_rooms_b, layout_basic, serial_shops, shop,
          nicolae_ecumenical_snake_handling
D:2:      layout_loops_corners
D:3:      layout_rooms, small_statue_intersection
D:4:      layout_loops_ring, serial_demonic, serial_demonic_c, serial_demonic_a,
          serial_demonic_e, serial_demonic_c, serial_shops, kennysheep_mini,
          nicolae_ossuary_entry_monument
D:5:      layout_basic
D:6:      layout_basic, nicolae_kikubaaqudgha_miasma_corner,
          minmay_temple_entry_drinking_statues, kennysheep_another_room,
          uniq_edmund
D:7:      layout_loops_ring, mainiacjoe_overflow_six_doors_small,
          nzn_hepliaklqana_mist_gate, mainiacjoe_overflow_small_starburst,
          uniq_menkaure
Temple:   nicolae_temple_ecumenical_triangle

Skill      XL: |  1  2  3  4  5  6  7  8  9 |
---------------+----------------------------+-----
Fighting       | 1 2 3 4 5 |  5.0
Unarmed Combat | 4 5 6 7 8 9 |  9.2
Shapeshifting  | 4 5 6 |  6.3
Dodging        | |  1.5

Action                     |  1- 3 |  4- 6 |  7- 9 || total
---------------------------+-------+-------+-------++-------
  Melee: Unarmed           |    88 |   132 |   149 ||   369
         Punch             |     1 |     4 |     5 ||    10
 Invoke: Sacrifice Love    |     1 |       |       ||     1
         Sacrifice Arcana  |       |     1 |       ||     1
         Sacrifice Purity  |       |       |     1 ||     1
    Use: Potion            |       |     1 |       ||     1
         Scroll            |       |       |     6 ||     6
   Stab: Sleeping          |       |     1 |       ||     1
         Invisible         |       |       |     2 ||     2
 Armour: Animal skin       |    39 |   112 |    73 ||   224
         Skin              |       |    28 |    35 ||    63
  Dodge: Dodged            |    35 |    54 |    56 ||   145

Table legend: (Time is in decaauts)
 A = Elapsed time spent in this place.
 B = Non-inter-level travel time spent in this place.
 C = Inter-level travel time spent in this place.
 D = Time resting spent in this place.
 E = Time spent auto-exploring this place.
 F = Levels seen in this place.
 G = Mean time per level.
                   A        B        C        D        E       F      G
               +--------+--------+--------+--------+--------+-----+--------+
         Total |   4733 |   4558 |    175 |     59 |   3590 |   9 |  525.9 |
       Dungeon |   4455 |   4280 |    175 |     27 |   3497 |   7 |  636.4 |
        Temple |      1 |      1 |      0 |      0 |      0 |   1 |    1.0 |
       Ossuary |    276 |    276 |      0 |     32 |     93 |   1 |  276.0 |
               +--------+--------+--------+--------+--------+-----+--------+

Top non-repeatable levels by time:
     D:1: 935 daAuts
     D:2: 838 daAuts
     D:6: 731 daAuts
     D:5: 719 daAuts
     D:4: 643 daAuts
     D:3: 443 daAuts
 Ossuary: 276 daAuts
     D:7: 143 daAuts
  Temple: 1 daAuts
